 Dungeon Crawl Stone Soup version 0.18-a0-1788-g92de1ac (webtiles) character file.

223718 Proton the Bludgeoner (level 18, -31/184 HPs)
             Began as a Minotaur Fighter on Apr 20, 2016.
             Was a High Priest of Okawaru.
             Killed from afar by a deep elf annihilator (71 damage)
             ... with a crystal spear
             ... on level 3 of the Elven Halls.
             The game lasted 02:39:35 (44315 turns).

Proton the Bludgeoner (Minotaur Fighter)           Turns: 44315, Time: 02:39:35

Health: -31/184    AC: 39    Str: 31    XL:     18   Next: 57%
Magic:  35/35      EV: 13    Int:  5    God:    Okawaru [*****.]
Gold:   202        SH: 17    Dex: 11    Spells: 1 memorised, 14 levels left

rFire  + . .     SeeInvis +     c - +8 demon whip (elec)
rCold  + . .     Gourm    .     D - +9 armour of the Dragon King {rPois rF+ rC+ MR+}
rNeg   . . .     Faith    .     W - +2 shield
rPois  +         Spirit   .     J - +1 hat {MR+}
rElec  .         Dismiss  .     V - +0 cloak "Buenuha" {Str+7 SInv Stlth-} (curse)
rCorr  +         Reflect  .     r - +2 pair of gloves {archery}
SustAt .         Harm     .     S - +0 pair of boots {Fly}
MR     +++..                    (no amulet)
Stlth  ..........               C - ring of Kisum {+Fly rPois MP+9 Str-4 Dex+2}
                                s - ring of resist corrosion

@: flying, extremely resistant to hostile enchantments, extremely unstealthy
A: retaliatory headbutt, horns 2, molten scales 1, see invisible, blink, clumsy
1, mutation resistance 1, robust 1, subdued magic 1
a: Blink, Heroism, Finesse, Renounce Religion, Stop Flying
}: 1/15 runes: barnacled


You were on level 3 of the Elven Halls.
You worshipped Okawaru.
Okawaru was extremely pleased with you.
You were hungry.

You visited 7 branches of the dungeon, and saw 34 of its levels.
You also visited: Labyrinth, Sewer and Volcano.

You collected 2620 gold pieces.
You spent 2418 gold pieces at shops.

Inventory:

Hand Weapons
 c - a +8 demon whip of electrocution (weapon)
Armour
 r - a +2 pair of gloves of archery (worn)
 D - the +9 armour of the Dragon King (worn) {rPois rF+ rC+ MR+}
   (You bought it in a shop on level 2 of the Orcish Mines)

   It protects you from fire.
   It protects you from cold.
   It protects you from poison.
   It affects your resistance to hostile enchantments.
 J - a +1 hat of magic resistance (worn)
 S - a +0 pair of boots of flying (worn)
 V - the cursed +0 cloak "Buenuha" (worn) {Str+7 SInv Stlth-}
   (You bought it in a shop on level 1 of the Elven Halls)

   It affects your strength (+7).
   It lets you see invisible.
   It makes you less stealthy.
   It has a curse placed upon it.
 W - a +2 shield (worn)
Jewellery
 e - an uncursed ring of protection from fire
 s - a ring of resist corrosion (left hand)
 C - the ring of Kisum (right hand) {+Fly rPois MP+9 Str-4 Dex+2}
   (You took it off a minotaur in a labyrinth)

   [ring of magical power]

   It affects your strength (-4).
   It affects your dexterity (+2).
   It protects you from poison.
   It affects your magic capacity (+9).
   It lets you fly.
 K - an uncursed ring of protection from cold
 O - an uncursed ring of protection from magic
Wands
 g - a wand of disintegration (13/24)
Scrolls
 a - 3 scrolls of recharging
 b - 3 scrolls of blinking
 h - 11 scrolls of magic mapping
 i - 3 scrolls of noise
 k - 6 scrolls of amnesia
 l - 13 scrolls of teleportation
 o - 6 scrolls of fog
 u - 2 scrolls of immolation
 w - 4 scrolls of fear
 B - 9 scrolls of remove curse
 G - 5 scrolls of silence
 I - 4 scrolls of enchant armour
 L - 2 scrolls of brand weapon
 X - 2 scrolls of identify
 Z - a scroll of holy word
Potions
 d - 2 potions of might
 j - 5 potions of agility
 m - 6 potions of lignification
 p - 5 potions of brilliance
 q - 9 potions of curing
 t - 7 potions of heal wounds
 x - 4 potions of haste
 E - 5 potions of flight
 F - 2 potions of invisibility
 N - a potion of cure mutation
 P - a potion of ambrosia
 R - 3 potions of resistance
 T - 2 potions of cancellation
 U - 3 potions of berserk rage
Books
 A - a book of Power

   Spells                             Type                      Level
   a - Fulminant Prism                Conjuration/Hexes            4
   b - Iskenderun's Mystic Blast      Conjuration                  4
   c - Venom Bolt                     Conjuration/Poison           5
   d - Bolt of Magma                  Conjuration/Fire/Earth       5
   e - Iron Shot                      Conjuration/Earth            6
   f - Orb of Destruction             Conjuration                  7
   g - Spellforged Servitor           Conjuration/Summoning        7
Miscellaneous
 Y - a phantom mirror
Comestibles
 f - 17 bread rations
 n - 7 beef jerkies
 H - 8 meat rations
 M - a royal jelly


   Skills:
 + Level 16.7 Fighting
 * Level 17.0 Maces & Flails
 + Level 17.0 Armour
 + Level 15.3 Dodging
 + Level 16.7 Shields
 - Level 12.2 Invocations


You had 14 spell levels left.
You knew the following spells:

 Your Spells              Type           Power        Failure   Level  Hunger
a - Regeneration          Chrm/Necr      #.........   100%        3    ####...


Dungeon Overview and Level Annotations

Branches:
Dungeon (15/15)            Temple (1/1) D:6            Lair (8/8) D:11
 Shoals (4/4) Lair:6       Spider (1/4) Lair:6        Slime (0/6) Lair:8
    Orc (2/2) D:9             Elf (3/3) Orc:2        Vaults (0/5) D:14
 Depths (0/5) D:15

Altars:
Ashenzari
Cheibriados
Dithmenos
Elyvilon
Fedhas
Gozag
Kikubaaqudgha
Makhleb
Nemelex Xobeh
Okawaru
Pakellas
Qazlal
Ru
Sif Muna
Trog
Vehumet
Xom
Yredelemnul
Zin
The Shining One
Beogh
Jiyva

Shops:
D:4 :   D:12 :(*(!   Orc:1 :   Orc:2 *[*[   Elf:1 ?[?[%   Elf:2 :   Shoals:1 =
Shoals:4 }

Annotations:
Spider:1 skelma's ghost, adept DsGl


Innate Abilities, Weirdness & Mutations

You reflexively headbutt those who attack you in melee.
You have a pair of horns on your head.
You are partially covered in molten scales (AC +1).
You have supernaturally acute eyesight.
You can translocate small distances at will.
You are clumsy. (Dex -2)
You are somewhat resistant to further mutation.
You are robust (+10% HP).
Your spells are a little easier to cast, but a little less powerful.


Message History

The deep elf demonologist mumbles some strange words.
The deep elf high priest invokes the aid of its god against you.
Something smites you!
* * * LOW HITPOINT WARNING * * *
You fly downwards.
There is a stone staircase leading up, spattered with blood here.
You see here 9 arrows.
You hit the deep elf annihilator.
Your headbutt misses the deep elf annihilator.
The deep elf annihilator is lightly wounded.
You block the deep elf annihilator's attack.
You closely miss the deep elf annihilator.
You headbutt the deep elf annihilator.
The deep elf annihilator is lightly wounded.
You barely miss the deep elf annihilator.
The deep elf annihilator is lightly wounded.
The deep elf annihilator seems less brilliant.
The deep elf annihilator points at you and mumbles some strange words.
The crystal spear hits you!
You die...

##+ ##.#
##.##
##.##
##.##
##e##
#@##
#.....+##
.......
.......
.......
.......
.......
#.....#


You could see a deep elf annihilator.

Vanquished Creatures
  Saint Roka (Elf:2)
  Jorgrun (Shoals:2)
  Asterion (Elf:1)
  A deep elf master archer (Elf:3)
  2 deep elf blademasters
  Polyphemus (Shoals:4)
  A kraken (Shoals:4)
  Gastronok (D:9)
  Ilsuiw (Shoals:4)
  2 deep elf sorcerers (Elf:3)
  An orc warlord (Orc:2)
  Maud (D:11)
  Louise (Shoals:3)
  2 deep elf demonologists
  Azrael (D:12)
  A deep elf annihilator (Elf:3)
  A fire dragon (Lair:8)
  A minotaur (Lab)
  A vault guard (D:14)
  A deep elf death mage (Elf:3)
  7 merfolk impalers
  The ghost of Murumi the Carver, a journeyman FoFi of Elyvilon (D:11)
  3 ogre magi
  Josephine (Lair:6)
  7 merfolk javelineers (Shoals:4)
  A deep elf high priest (Elf:3)
  Harold (Orc:1)
  A yaktaur captain (D:15)
  Fannar (D:12)
  A merfolk avatar (Shoals:3)
  4 hydras
  5 centaur warriors
  4 catoblepae
  4 merfolk aquamancers
  Erica (Lair:2)
  2 alligator snapping turtles
  A satyr (Shoals:2)
  2 tengu warriors (D:14)
  5 orc high priests
  26 dancing weapons
  6 death yaks
  12 deep elf knights
  4 unseen horrors
  11 sea snakes
  5 deep elf archers
  5 harpies
  11 hill giants
  38 deep elf magi
  3 orc knights (Orc:2)
  A wolf spider zombie (D:12)
  2 orb spiders (Spider:1)
  14 griffons
  11 ugly things
  7 orc sorcerers
  2 wolf spiders
  8 cyclopes
  A hornet (shapeshifter) (D:14)
  2 centaur zombies
  9 manticores
  15 fauns
  7 water nymphs
  8 black mambas
  16 sirens
  2 molten gargoyles (Volcano)
  A guardian serpent (Lair:8)
  20 spiny frogs
  3 rime drakes
  5 centaur skeletons
  An efreet (D:14)
  A kobold demonologist (D:12)
  A demonic crawler (Spider:1)
  11 komodo dragons
  2 yaktaurs
  5 trolls
  A troll (shapeshifter) (D:13)
  A tengu conjurer (D:15)
  3 jumping spiders (Spider:1)
  A polar bear (Lair:8)
  34 merfolk
  13 two-headed ogres
  2 boulder beetles
  A wind drake (Shoals:2)
  2 slime creatures (D:14)
  14 blink frogs
  10 snapping turtles
  3 air elementals
  A vampire (D:14)
  4 shadows
  7 spriggans
  5 water elementals
  A fire bat (Volcano)
  2 tarantellas (Spider:1)
  10 wyverns
  6 fire elementals
  6 wraiths
  2 basilisks (Lair:8)
  38 yaks
  3 steam dragons (Lair:8)
  12 hippogriffs
  4 hungry ghosts
  5 wargs
  7 vampire mosquitoes
  2 mottled dragons
  A soldier ant (D:13)
  11 porcupines
  A swamp drake (Lair:8)
  3 hell hounds (D:12)
  27 water moccasins
  An eye of draining (D:14)
  56 orc warriors
  7 sky beasts
  8 wasps
  A black bear (Lair:5)
  A necrophage (D:10)
  A phantom (D:10)
  4 ice beasts
  26 centaurs
  29 ogres
  9 wolves (Lair:3)
  16 crocodiles
  6 big kobolds
  17 giant frogs
  3 earth elementals
  A wyvern zombie (D:11)
  5 scorpions
  3 wyvern skeletons
  12 killer bees
  9 wights
  5 electric eels
  3 howler monkeys
  6 lava snakes
  7 crimson imps
  2 giant frog zombies
  4 hounds
  7 jellies
  26 orc wizards
  38 orc priests
  A giant frog skeleton (D:12)
  17 iguanas
  15 worker ants
  9 hell rats
  24 sheep
  A hound zombie (D:10)
  A hound skeleton (D:9)
  3 worker ant zombies
  17 adders
  57 river rats
  3 shadow imps
  An ooze (D:4)
  An adder zombie (D:7)
  3 adder skeletons
  5 worms
  3 dart slugs
  5 giant geckos
  151 orcs
  6 ball pythons
  14 bats
  2 giant cockroaches
  8 goblins
  3 hobgoblins
  17 jackals
  5 quokkas
  A giant gecko skeleton (D:5)
  4 giant newts
  A jackal zombie (D:5)
  22 kobolds
  A quokka skeleton (D:4)
  A quokka zombie (D:9)
  5 rats
  A fungus (Lair:8)
  3 plants
1318 creatures vanquished.

Vanquished Creatures (others)
  A merfolk aquamancer (Shoals:4)
  A water elemental (Shoals:3)
  A lightning spire (D:7)
  An adder (D:12)
  3 bushes (D:7)
  45 fungi
  49 plants
  12 tentacles (Shoals:4)
  59 tentacle segments (Shoals:4)
172 creatures vanquished.

Grand Total: 1490 creatures vanquished

Notes
Turn   | Place    | Note
--------------------------------------------------------------
     0 | D:1      | Proton the Minotaur Fighter began the quest for the Orb.
     0 | D:1      | Reached XP level 1. HP: 19/19 MP: 0/0
   179 | D:1      | Reached XP level 2. HP: 27/27 MP: 1/1
   188 | D:1      | Reached skill level 1 in Dodging
   559 | D:2      | Reached XP level 3. HP: 33/33 MP: 2/2
  1106 | D:3      | Reached XP level 4. HP: 31/40 MP: 3/3
  1196 | D:3      | Found a white marble altar of Elyvilon.
  1260 | D:3      | Reached XP level 5. HP: 35/47 MP: 4/4
  1486 | D:3      | Found a deep blue altar of Sif Muna.
  1497 | D:3      | Found a shattered altar of Ashenzari.
  1501 | D:3      | Found a shadowy altar of Dithmenos.
  1904 | D:4      | Got a translucent spear
  1914 | D:4      | Identified the +10 spear of Arrival {drain, *Noise +Blink rElec SInv} (You found it on level 4 of the Dungeon)
  1947 | D:4      | Found a blossoming altar of Fedhas.
  2073 | D:4      | Reached skill level 5 in Armour
  2245 | D:4      | Reached XP level 6. HP: 44/53 MP: 5/5
  2452 | D:4      | Found Hurgh's Book Shop.
  2517 | D:5      | Entered Level 5 of the Dungeon
  2556 | D:5      | Reached skill level 5 in Fighting
  2566 | D:5      | Found a glowing drain.
  2570 | Sewer    | Entered a sewer
  3325 | D:5      | Reached skill level 5 in Shields
  3367 | D:6      | Found a staircase to the Ecumenical Temple.
  3373 | Temple   | Entered the Ecumenical Temple
  3667 | D:6      | Noticed an ice beast
  3673 | D:6      | Killed an ice beast
  3673 | D:6      | Reached XP level 7. HP: 61/61 MP: 6/6
  3718 | D:6      | Reached skill level 5 in Maces & Flails
  3824 | D:6      | Gained mutation: Your mind is acute. (Int +2) [mutagenic meat]
  3825 | D:6      | Gained mutation: Your spells are a little easier to cast, but a little less powerful. [mutagenic meat]
  3826 | D:6      | Gained mutation: Your muscles are strong. (Str +2) [mutagenic meat]
  3827 | D:6      | Gained mutation: You are somewhat resistant to further mutation. [mutagenic meat]
  4263 | D:6      | Found a radiant altar of Vehumet.
  4264 | D:6      | Found a burning altar of Makhleb.
  4447 | D:7      | Found a glowing golden altar of the Shining One.
  4565 | D:7      | Found an oddly glowing altar of Pakellas.
  4566 | D:7      | Noticed a boulder beetle
  4612 | D:7      | Noticed a hungry ghost
  4625 | D:7      | Killed a hungry ghost
  4625 | D:7      | Reached XP level 8. HP: 70/70 MP: 7/7
  5758 | D:8      | Reached skill level 5 in Dodging
  5945 | D:8      | Reached XP level 9. HP: 75/79 MP: 8/8
  6139 | D:9      | Found a stormy altar of Qazlal.
  6237 | D:9      | Found a staircase to the Orcish Mines.
  6462 | D:9      | Noticed Gastronok
  6564 | D:9      | Found an iron altar of Okawaru.
  6565 | D:9      | Found a bloodstained altar of Trog.
  6576 | D:9      | Became a worshipper of Warmaster Okawaru
  6590 | D:9      | Gained mutation: You are partially covered in molten scales (AC +1). [potion of mutation]
  6590 | D:9      | Gained mutation: You are resistant to electric shocks. [potion of mutation]
  6729 | D:10     | Entered Level 10 of the Dungeon
  6785 | D:10     | Reached skill level 1 in Invocations
  6801 | D:10     | Noticed an unseen horror
  6807 | D:10     | Killed an unseen horror
  6818 | D:10     | Reached * piety under Okawaru
  6818 | D:10     | Reached XP level 10. HP: 85/89 MP: 10/10
  7262 | D:10     | Reached ** piety under Okawaru
  7745 | D:11     | HP: 4/90 [poisoned by an orc warrior]
  7755 | D:11     | Found a staircase to the Lair.
  7768 | D:11     | Found a labyrinth entrance.
  7774 | Lab      | Entered a labyrinth
  8379 | Lab      | Noticed a minotaur
  8391 | Lab      | Killed a minotaur
  8391 | Lab      | Reached *** piety under Okawaru
  8393 | Lab      | Got a translucent granite ring
  8432 | D:11     | Gained mutation: You have supernaturally acute eyesight. [mutagenic meat]
  8435 | D:11     | Identified the ring of Kisum {+Fly rPois MP+9 Str-4 Dex+2} (You took it off a minotaur in a labyrinth)
  8449 | D:11     | Learned a level 3 spell: Regeneration
  8476 | D:11     | Reached **** piety under Okawaru
  8484 | D:11     | Reached XP level 11. HP: 52/97 MP: 13/13
  8772 | D:11     | Noticed a hill giant
  8998 | D:11     | Killed a hill giant
  8998 | D:11     | Reached skill level 10 in Shields
  9104 | D:11     | Noticed a brown ugly thing
  9105 | D:11     | Noticed a green ugly thing
  9143 | D:11     | Killed a brown ugly thing
  9155 | D:11     | Killed a brown ugly thing
  9155 | D:11     | Reached skill level 10 in Armour
  9246 | D:11     | Noticed Murumi's ghost (journeyman FoFi)
  9272 | D:11     | Killed Murumi's ghost
  9272 | D:11     | Reached ***** piety under Okawaru
  9277 | D:11     | Reached skill level 5 in Invocations
  9978 | D:9      | Killed Gastronok
  9978 | D:9      | Reached skill level 10 in Fighting
  9978 | D:9      | Reached skill level 10 in Maces & Flails
 10278 | D:12     | Noticed a hill giant
 10279 | D:12     | Noticed Maud
 10299 | D:11     | Killed a hill giant
 11244 | D:12     | Noticed Fannar
 11316 | D:11     | Reached XP level 12. HP: 87/107 MP: 15/15
 11503 | D:11     | Killed Maud
 11503 | D:11     | Received a gift from Okawaru
 11631 | D:12     | Found Qura's Distillery.
 11634 | D:12     | Bought a potion of heal wounds for 70 gold pieces
 11634 | D:12     | Bought a potion of curing for 42 gold pieces
 11634 | D:12     | Bought a potion of curing for 42 gold pieces
 11634 | D:12     | Bought a potion of curing for 42 gold pieces
 11661 | D:12     | Found an opulent altar of Gozag.
 11689 | D:12     | Found Yhogo's Assorted Antiques.
 11709 | D:12     | Bought a potion of might for 112 gold pieces
 11721 | D:12     | Found Ymoetyv's Weapon Shoppe.
 11756 | D:12     | Noticed a centaur warrior
 11767 | D:12     | Killed a centaur warrior
 11817 | D:12     | Found Azymn's Weapon Shop.
 11886 | D:12     | Noticed Azrael
 11902 | D:12     | Killed Azrael
 12123 | D:12     | Found Emimoc's Book Boutique.
 12256 | D:12     | Received a gift from Okawaru
 12432 | D:12     | Killed Fannar
 13217 | D:13     | Found a shadowy altar of Dithmenos.
 13496 | D:13     | Reached skill level 10 in Dodging
 13636 | D:13     | Noticed a centaur warrior
 13657 | D:13     | Killed a centaur warrior
 13995 | D:14     | Reached ****** piety under Okawaru
 13999 | D:14     | Lost mutation: Your muscles are strong. (Str +2) [mutagenic meat]
 14002 | D:14     | Lost mutation: Your mind is acute. (Int +2) [mutagenic meat]
 14023 | D:14     | Reached XP level 13. HP: 111/116 MP: 17/17
 14033 | D:14     | Received a gift from Okawaru
 14733 | D:14     | Noticed a vault guard
 14758 | D:14     | Killed a vault guard
 14779 | D:14     | Gained mutation: You can translocate small distances at will. [mutagenic meat]
 14781 | D:14     | Lost mutation: You are resistant to electric shocks. [mutagenic meat]
 14793 | D:14     | Found a gate to the Vaults.
 14830 | D:14     | Gained mutation: You are robust (+10% HP). [mutagenic meat]
 15413 | D:14     | Gained mutation: You are clumsy. (Dex -2) [mutagenic meat]
 16025 | D:15     | Entered Level 15 of the Dungeon
 16039 | D:15     | Received a gift from Okawaru
 16441 | D:15     | Reached XP level 14. HP: 128/139 MP: 19/19
 16888 | D:15     | Found a deep blue altar of Sif Muna.
 17127 | D:15     | Found a staircase to the Depths.
 17665 | Lair:1   | Entered Level 1 of the Lair of Beasts
 17929 | Lair:1   | Received a gift from Okawaru
 18568 | Lair:2   | Noticed Erica
 18580 | Lair:2   | Killed Erica
 18640 | Lair:2   | Identified a scroll of acquirement
 21000 | Lair:4   | Received a gift from Okawaru
 21000 | Lair:4   | Reached skill level 10 in Invocations
 22281 | Lair:6   | Found a hole to the Spider Nest.
 22375 | Lair:6   | Noticed Josephine
 22384 | Lair:6   | Killed Josephine
 22407 | Lair:6   | Reached XP level 15. HP: 141/149 MP: 21/21
 22450 | Lair:6   | Found a staircase to the Shoals.
 22813 | Lair:6   | Received a gift from Okawaru
 23923 | Lair:8   | Entered Level 8 of the Lair of Beasts
 23932 | Lair:8   | Found a dark tunnel.
 23956 | Volcano  | Entered a volcano
 24304 | Volcano  | Found a bloodstained altar of Trog.
 25546 | Lair:8   | Received a gift from Okawaru
 25997 | Lair:8   | Found a viscous altar of Jiyva.
 25998 | Lair:8   | Found a staircase to the Slime Pits.
 26415 | Orc:1    | Entered Level 1 of the Orcish Mines
 26415 | Orc:1    | Found Viurr's Book Shop.
 26415 | Orc:1    | Noticed Harold
 26430 | Orc:1    | Killed Harold
 26590 | Orc:2    | Entered Level 2 of the Orcish Mines
 27267 | Orc:2    | Found a roughly hewn altar of Beogh.
 27588 | Orc:2    | Found Yzew's Armour Emporium.
 27614 | Orc:2    | Found Osirr's Assorted Antiques.
 27635 | Orc:2    | Bought a potion of curing for 72 gold pieces
 28053 | Orc:2    | Found a staircase to the Elven Halls.
 28235 | Orc:2    | Noticed an orc warlord
 28256 | Orc:2    | Killed an orc warlord
 28313 | Orc:2    | Found a roughly hewn altar of Beogh.
 28438 | Orc:2    | Reached XP level 16. HP: 49/161 MP: 23/23
 28906 | Orc:2    | Found Recacara's General Store.
 28931 | Orc:2    | Bought a scroll of enchant weapon for 97 gold pieces
 28951 | Orc:2    | Found Wogeg's Armour Emporium.
 29173 | Orc:2    | Bought the +9 armour of the Dragon King {rPois rF+ rC+ MR+} for 1622 gold pieces
 29689 | Spider:1 | Entered Level 1 of the Spider Nest
 29689 | Spider:1 | Noticed skelma's ghost (adept DsGl)
 29793 | Shoals:1 | Entered Level 1 of the Shoals
 30126 | Shoals:1 | Found a basalt altar of Yredelemnul.
 30452 | Shoals:1 | Found Ofiruff's Jewellery Boutique.
 31444 | Shoals:1 | Found a shattered altar of Ashenzari.
 31626 | Shoals:1 | Reached skill level 15 in Armour
 32095 | Shoals:1 | Received a gift from Okawaru
 32543 | Shoals:1 | Reached skill level 15 in Shields
 33885 | Shoals:2 | Reached skill level 15 in Fighting
 34076 | Shoals:3 | Noticed Jorgrun
 34095 | Shoals:2 | Killed Jorgrun
 34513 | Shoals:3 | Noticed Louise
 34529 | Shoals:3 | Killed Louise
 34641 | Shoals:3 | Received a gift from Okawaru
 35233 | Shoals:4 | Entered Level 4 of the Shoals
 35413 | Shoals:4 | Reached XP level 17. HP: 75/171 MP: 24/24
 36034 | Shoals:4 | Reached skill level 15 in Maces & Flails
 36170 | Shoals:4 | Found Peesm's Gadget Shoppe.
 36180 | Shoals:4 | Noticed Ilsuiw
 36233 | Shoals:4 | Killed Ilsuiw
 37096 | Shoals:4 | Noticed Polyphemus
 37116 | Shoals:4 | Killed Polyphemus
 37308 | Shoals:4 | Received a gift from Okawaru
 37309 | Shoals:4 | Got a shimmering hand axe {god gift}
 37748 | Shoals:4 | Noticed a kraken
 37870 | Shoals:4 | Killed a kraken
 37876 | Shoals:4 | Got a barnacled rune of Zot
 39647 | Elf:1    | Entered Level 1 of the Elven Halls
 39679 | Elf:1    | Found Areos's Food Shoppe.
 39719 | Elf:1    | Received a gift from Okawaru
 40091 | Elf:1    | Found Kaisify's Antique Armour Boutique.
 40096 | Elf:1    | Bought a steaming cloak for 247 gold pieces
 40106 | Elf:1    | Identified the cursed +0 cloak "Buenuha" {Str+7 SInv Stlth-} (You bought it in a shop on level 1 of the Elven Halls)
 40132 | Elf:1    | You are sucked into a shaft!
 40136 | Elf:2    | Noticed Saint Roka
 40161 | Elf:2    | Noticed a deep elf blademaster
 40168 | Elf:2    | Killed Saint Roka
 40190 | Elf:2    | Killed a deep elf blademaster
 40838 | Elf:2    | Reached XP level 18. HP: 91/182 MP: 26/26
 41214 | Elf:2    | Found a runed gate.
 41214 | Elf:2    | Found a runed gate.
 41215 | Elf:2    | Found a runed gate.
 41240 | Elf:2    | Reached skill level 15 in Dodging
 41392 | Elf:2    | Found a huge runed gate.
 41392 | Elf:2    | Found a huge runed gate.
 41393 | Elf:2    | Found a huge runed gate.
 41393 | Elf:2    | Found a huge runed gate.
 41393 | Elf:2    | Found a huge runed gate.
 41393 | Elf:2    | Found a huge runed gate.
 41752 | Elf:1    | Found Oreocucet's Antique Armour Shoppe.
 41818 | Elf:1    | Received a gift from Okawaru
 41973 | Elf:1    | Found Dakesihu's Magic Scroll Emporium.
 42024 | Elf:1    | Bought a scroll of teleportation for 36 gold pieces
 42024 | Elf:1    | Bought a scroll of teleportation for 36 gold pieces
 42029 | Elf:1    | Noticed Asterion
 42046 | Elf:1    | Killed Asterion
 42167 | Elf:1    | Found Ybiepn's Magic Scroll Shop.
 42698 | Elf:2    | Found Moikig's Book Shop.
 43006 | Elf:2    | Found a huge runed gate.
 43007 | Elf:2    | Found a huge runed gate.
 43008 | Elf:2    | Found a huge runed gate.
 43009 | Elf:2    | Found a huge runed gate.
 43010 | Elf:2    | Found a huge runed gate.
 43011 | Elf:2    | Found a huge runed gate.
 43012 | Elf:2    | Found a huge runed gate.
 43013 | Elf:2    | Found a huge runed gate.
 43014 | Elf:2    | Found a huge runed gate.
 43015 | Elf:2    | Found a huge runed gate.
 43307 | Elf:2    | Found a huge runed gate.
 43310 | Elf:2    | Found a huge runed gate.
 43310 | Elf:2    | Found a huge runed gate.
 43310 | Elf:2    | Found a huge runed gate.
 43310 | Elf:2    | Found a huge runed gate.
 43311 | Elf:2    | Found a huge runed gate.
 43327 | Elf:2    | Found a huge runed gate.
 43328 | Elf:2    | Found a huge runed gate.
 43373 | Elf:3    | Entered Level 3 of the Elven Halls
 43396 | Elf:2    | Noticed a Hell Sentinel
 44206 | Elf:3    | Received a gift from Okawaru
 44315 | Elf:3    | Killed from afar by a deep elf annihilator

Vault maps used:
D:1:      dpeg_arrival_tiny_a, minmay_misc_feat_diagonals
D:3:      minmay_overflow_temple_star_quad, elyvilon_altar_5
D:4:      kennysheep_spiral_hall, lemuel_round_altar, serial_shops,
          shop_fountains, first_bread, uniq_crazy_yiuf_cottage
D:5:      gup_sewer_entry_bowl, minivault_14
D:6:      grunt_temple_overflow_lords_of_destruction, minmay_temple_entry_fiery,
          minmay_misc_feat_rows
D:7:      mumra_celtic_spiral_tile, nicolae_tso_carved_into_rock,
          gammafunk_pakellas_spire_experiment
D:8:      the_bakery
D:9:      grunt_temple_overflow_bloody_war, grunt_qazlal_clouds, orc_0_dummy,
          uniq_gastronok
D:10:     kennysheep_generic_room_7
D:11:     erik_lair_orcish_takeover, lab_entry_generic
D:12:     serial_shops, nicolae_shop_behind_doors, shop, kennysheep_mini_moat,
          shop, nicolae_shop_window_shopping, st_stairs_9, lemuel_centaur_altar,
          uniq_maud, uniq_fannar, uniq_azrael
D:13:     grunt_dithmenos_shadows
D:14:     david_vaults_5, minmay_misc_feat_room
D:15:     grunt_enter_depths_snipers, hangedman_abyss_or_decor_passed,
          lemuel_blue_sif_altar
Temple:   jpeg_temple_alley_garden_8
Lair:1:   minmay_holes, nicolae_quartered_pool_medium, infiniplex_staircase_pool
Lair:2:   uniq_erica
Lair:4:   wad_woods_01, grunt_megastairs_2, infiniplex_staircase_pool_2,
          serial_bayou_shore_a
Lair:5:   serial_bayou_lagoon_b
Lair:6:   elwin_shoals_entry_stream, spider_nest_entry_a, uniq_josephine
Lair:7:   grunt_megastairs_1
Lair:8:   hangedman_lair_tendril_chambers, guppyfry_lair_end_dragon,
          slime_altar_1, enter_volcano_1
Shoals:1: serial_shops, nicolae_shop_waterfront, hangedman_feature_mirror
Shoals:2: nicolae_shoals_wave_tunnel
Shoals:3: yaktaur_hedge, uniq_jorgrun, uniq_louise
Shoals:4: shoals_end_hangedman, shoals_ilsuiw_alternative, serial_shops,
          nicolae_shop_behind_doors, uniq_polyphemus
Spider:1: minivault_29, uniq_donald
Orc:1:    serial_shops, shop, uniq_harold
Orc:2:    pubby_orc_utopia, serial_shops
Elf:1:    elf_arrival_002, serial_shops, nicolae_shop_window_shopping, shop,
          shop, shop, nicolae_shop_overgrown_old_shop, grunt_ministairs_8,
          uniq_asterion
Elf:2:    serial_shops, nicolae_shop_trees, door_vault, uniq_saint_roka
Elf:3:    nooodl_elf_gasket, nicolae_elf_v_pinch
Lab:      labyrinth_mini_lab, labyrinth_skeletal_remains, nicolae_lab_stuck,
          nicolae_lab_blocks, nicolae_lab_garden, labyrinth_glass_1,
          nicolae_lab_x, labyrinth_lava_lair, lab_block, lab_hedge,
          nicolae_lab_arrow
Sewer:    sewer_fruit_machine
Volcano:  volcano_lake

Skill      XL: |  1  2  3  4  5  6  7  8  9 10 11 12 13 14 15 16 17 18 |
---------------+-------------------------------------------------------+-----
Dodging        | 1 2 3 4 5 6 7 9 10 11 12 13 14 15 | 15.3
Armour         | 4 5 6 7 8 9 10 11 12 13 14 15 16 17 | 17.0
Maces & Flails | 3 4 5 6 8 9 10 11 12 13 14 16 17 | 17.0
Fighting       | 4 5 6 7 8 9 10 11 12 13 14 15 16 | 16.7
Shields        | 4 5 7 8 9 10 11 12 13 14 15 16 | 16.7
Invocations    | 2 4 5 7 9 10 11 12 | 12.2

Action                   |  1- 3 |  4- 6 |  7- 9 | 10-12 | 13-15 | 16-18 || total
-------------------------+-------+-------+-------+-------+-------+-------++-------
Melee: Flail             |    77 |    95 |       |       |       |   150 ||   322
       Headbutt          |     9 |    30 |    45 |   182 |   401 |   383 ||  1050
       Spear             |       |    99 |   195 |   485 |     7 |       ||   786
       Eveningstar       |       |       |       |   282 |  1912 |  1843 ||  4037
       Demon whip        |       |       |       |       |       |     3 ||     3
Invok: Heroism           |       |       |       |     6 |    11 |    16 ||    33
       Finesse           |       |       |       |     2 |     1 |     7 ||    10
  Use: Scroll            |       |       |     8 |    14 |    11 |    17 ||    50
       Potion            |       |       |     2 |     5 |       |     2 ||     9
 Stab: Confused          |       |       |       |       |     1 |       ||     1
       Petrified         |       |       |       |       |       |     5 ||     5
  Eat: Chunk             |       |     6 |     9 |    21 |    67 |    45 ||   148
       Meat ration       |       |     1 |     1 |     2 |       |     2 ||     6
       Fruit             |       |       |     3 |       |       |       ||     3
       Pizza             |       |       |       |     1 |     2 |       ||     3
       Royal jelly       |       |       |       |     2 |       |       ||     2
Armor: Scale mail        |    26 |    51 |       |       |       |       ||    77
       Ring mail         |       |    17 |    45 |   190 |    48 |       ||   300
       Plate armour      |       |       |       |       |   620 |    14 ||   634
       Gold dragon armou |       |       |       |       |       |  1052 ||  1052
Dodge: Dodged            |    25 |    57 |    67 |   289 |   579 |   469 ||  1486
Block: Shield            |    34 |   104 |    83 |   436 |  1379 |  1442 ||  3478
